 Dungeon Crawl Stone Soup version 0.31-a0-816-gd61d57ddb1 (webtiles) character file.

Game seed: 13539340276851354248

28 Essalna the Conjurer (level 2, -1/19 HPs)
             Began as a Demonspawn Conjurer on Sept 22, 2023.
             Killed from afar by Natasha (7 damage)
             ... with a magic dart
             ... on level 2 of the Dungeon.
             The game lasted 00:01:22 (928 turns).

Essalna the Conjurer (Demonspawn Conjurer)           Turns: 928, Time: 00:01:23

Health: -1/19      AC:  3    Str:  7    XL:     2   Next: 96%
Magic:  2/5        EV: 12    Int: 19    God:
Gold:   78         SH:  0    Dex: 11    Spells: 5/6 levels left

rFire   . . .        j - +1 dagger (elec)
rCold   . . .        (no shield)
rNeg    . . .        a - +0 robe
rPois   .            (no helmet)
rElec   .            (no cloak)
rCorr   .            (no gloves)
SInv    .            (no boots)
Will    .....        (no amulet)
Stlth   ++           (no ring)
HPRegen 0.23/turn    (no ring)
MPRegen 0.09/turn

%: no passive effects
@: no status effects
A: sharp scales 1
a: no special abilities


You were on level 2 of the Dungeon.
You visited 1 branch of the dungeon, and saw 2 of its levels.

You collected 78 gold pieces.

Inventory:

Hand Weapons
 d - a +0 mace
 j - a +1 dagger of electrocution (weapon)
Armour
 a - a +0 robe (worn)
Jewellery
 k - a ring of fire
Scrolls
 c - 3 scrolls of identify {unknown}
 e - a scroll of fear {unknown}
 f - a scroll of fog {unknown}
 h - a scroll of immolation {unknown}
Potions
 b - a potion of magic
 g - a potion of invisibility {unknown}
 i - a potion of heal wounds {unknown}


   Skills:
 - Level 1.7 Dodging
 - Level 1.7 Stealth
 + Level 2.7 Spellcasting
 + Level 4.5 Conjurations


You had 5 spell levels left.
You knew the following spells:

 Your Spells              Type           Power      Damage    Failure   Level
a - Magic Dart            Conj           76%        1d6       2%          1

Your spell library contained the following spells:

 Spells                   Type           Power      Damage    Failure   Level
 Searing Ray              Conj           38%        2d5       3%          2
 Dazzling Flash           Conj/Hex       22%        N/A       19%         3
 Fulminant Prism          Conj/Hex       5%         3d7       52%         4
 Iskenderun's Mystic Bla  Conj/Tloc      11%        2d4       52%         4


Dungeon Overview and Level Annotations

Branches:
Dungeon (2/15)

Altars:

Annotations:
D:2 Jessica, Natasha


Innate Abilities, Weirdness & Mutations

You are partially covered in razor-sharp scales. (AC +1, Slay +1)


Message History

You barely miss the giant cockroach.
The giant cockroach is almost dead.
The giant cockroach bites you.
You hit the giant cockroach.
You kill the giant cockroach!
No target in view!
Key pressed, stopping explore.
Found a stone staircase leading up.
Jessica and a rat come into view.
There are monsters nearby!
The magic dart hits the rat.
You kill the rat!
The magic dart hits Jessica.
Jessica is heavily wounded.
Jessica shouts!
The magic dart hits Jessica.
Jessica is severely wounded.
The magic dart hits Jessica.
Jessica is almost dead.
Jessica points at you and mumbles some strange words.
Pain shoots through your body!
You are too injured to fight recklessly!
You are too injured to fight recklessly!
You are too injured to fight recklessly!
You are too injured to fight recklessly!
You are too injured to fight recklessly!
Jessica mumbles some strange words.
Jessica blinks!
A hobgoblin comes into view.
The hobgoblin shouts!
Natasha, Servant of Life and Death comes into view.
Natasha stares at you and mumbles some strange words.
The magic dart hits you!
* * * LOW HITPOINT WARNING * * *
Natasha howls an incantation.
You feel disoriented. Natasha casts a spell at you. The magic dart hits you!
You die...
Natasha begins licking her fur clean.

##.............##.........
##.......(.......#........# #
...#.........##..........#.#
#.##...#...## #..#..##....#
#....#.##### #.......# ###..#.#
#######.#..### #.....#
##....@..hg..##
######.....###.............##
..<...>.........@...........#####
###..#.....##...................#
#.##......................###..
#.######..#...............# ###
###.##.....##...)...........#
.......#######.............##
..###### #..........#.....## .##
#.################ ## ####.#


You could see Natasha, Jessica and a hobgoblin.

Vanquished Creatures
  An adder (D:2)
  A ball python (D:1)
  4 bats (D:1)
  A giant cockroach (D:2)
  2 goblins (D:2)
  3 hobgoblins
  A quokka (D:1)
  3 frilled lizards (D:1)
  A kobold (D:1)
  2 rats
19 creatures vanquished.

Notes
Turn   | Place    | Note
-------+----------+-------------------------------------------
     0 | D:1      | Essalna the Demonspawn Conjurer began the quest for the
                  | Orb.
     0 | D:1      | Reached XP level 1. HP: 13/13 MP: 3/3
   365 | D:1      | Gained mutation: You are partially covered in razor-sharp
                  | scales. (AC +1, Slay +1) [demonic ancestry]
   365 | D:1      | Reached XP level 2. HP: 19/19 MP: 1/5
   911 | D:2      | Noticed Jessica
   919 | D:2      | Noticed Natasha
   928 | D:2      | Killed from afar by Natasha

Illustrated notes

Levels and vault maps discovered:
D:1:      lightli_arrival_isolated_outpost, layout_rooms, serial_corexii_hall,
          corexii_hall_statues_x, chequers_hall_statues_y, glass_columns_a
D:2:      layout_rooms, minmay_rat_gold_closets, uniq_jessica, uniq_natasha

Action                     || total
---------------------------++-------
  Melee: Unarmed           ||    13
         Mace              ||     1
         Dagger            ||     3
   Cast: Magic Dart        ||    35
 Armour: Robe              ||    14
  Dodge: Dodged            ||    12

Table legend: (Time is in decaauts)
 A = Elapsed time spent in this place.
 B = Non-inter-level travel time spent in this place.
 C = Inter-level travel time spent in this place.
 D = Time resting spent in this place.
 E = Time spent auto-exploring this place.
 F = Levels seen in this place.
 G = Mean time per level.
                   A        B        C        D        E       F      G
               +--------+--------+--------+--------+--------+-----+--------+
         Total |    931 |    916 |     15 |      0 |    801 |   2 |  465.5 |
       Dungeon |    931 |    916 |     15 |      0 |    801 |   2 |  465.5 |
               +--------+--------+--------+--------+--------+-----+--------+

Top non-repeatable levels by time:
     D:1: 655 daAuts
     D:2: 276 daAuts
